AoeStats
← Emmayel

Socotra

505362427Analyzed
4v4 RM · 22d ago on Sep 9, 2026· 24m 41s· 8 players
Game mode
Random Map
Map size
148×148
Population
200
Speed
Normal
Resources
Standard
Victory
Conquest
Starting age
Dark Age
Ending age
Imperial Age
RankedLock teamsTeams togetherTeam positionsShared explorationLock speedFull tech treeHidden civsTurbo modeCheats
Victory
Defeat
🇨🇦 Portuguese · Canada
1453
+13
🇲🇽 Vikings · Mexico
1451
+13
🇺🇸 Japanese · United States
1450
+13
🇨🇳 Malians · China
1368
+15
🇺🇸 Italians · United States
1423
-15
🇳🇿 Bengalis · New Zealand
1418
-15
🇺🇸 Malay · United States
1391
-14
🇨🇦 Berbers · Canada
1277
-10
old man
5:04 Loom
9:52 Feudal Age
10:31 Double-Bit Axe
15:02 Fletching
16:19 Padded Archer Armor
17:36 Forging
22:39 Castle Age
20:59 Scale Mail Armor
21:37 Horse Collar
22:29 Gold Mining
22:41 Crossbowman
23:27 Thumb Ring
Stalin
8:25 Feudal Age
9:13 Double-Bit Axe
9:23 Horse Collar
10:40 Loom
17:03 Forging
17:01 Scale Barding Armor
20:52 Castle Age
19:42 Bloodlines
19:54 Gold Mining
20:55 Light Cavalry
21:36 Husbandry
22:00 Bow Saw
23:31 Chain Barding Armor
25:41 Wheelbarrow
VL Genghis Khan!!!
6:40 Loom
9:10 Feudal Age
9:39 Town Watch
9:58 Double-Bit Axe
17:19 Fletching
17:42 Padded Archer Armor
23:03 Castle Age
23:13 Crossbowman
23:50 Bodkin Arrow
24:30 Leather Archer Armor
darwin
7:06 Loom
9:14 Feudal Age
9:44 Double-Bit Axe
9:39 Horse Collar
17:09 Wheelbarrow
20:56 Castle Age
19:16 Gold Mining
20:03 Bloodlines
20:32 Scale Barding Armor
21:48 Bow Saw
22:17 Husbandry
23:38 Chain Barding Armor
24:00 Forging
Biodox
5:11 Loom
13:23 Feudal Age
14:20 Double-Bit Axe
18:47 Man-at-Arms
Stebz13
1:22 Loom
11:15 Feudal Age
11:45 Double-Bit Axe
12:22 Horse Collar
23:45 Fletching
ArabianKnight
5:04 Loom
10:30 Feudal Age
11:17 Double-Bit Axe
11:34 Gold Mining
13:45 Horse Collar
14:56 Fletching
23:41 Castle Age
23:07 Padded Archer Armor
23:51 Elite Skirmisher
24:29 Bodkin Arrow
Emmayel
9:33 Feudal Age
11:52 Horse Collar
13:00 Loom
15:31 Forging
19:10 Bloodlines
24:17 Castle Age
23:16 Scale Barding Armor
Connection lost

Rejoining the realm…

Still unreachable

The connection could not be restored.

Session expired

The server has moved on; the page needs a fresh start.